 Dungeon Crawl Stone Soup version 0.18.1-6-gd335043 (webtiles) character file.

7165 shmeve the Blocker (level 10, -3/94 HPs)
             Began as a Deep Dwarf Berserker on May 17, 2016.
             Was an Elder of Trog.
             Slain by a spiny frog (7 damage)
             ... on level 2 of the Lair of Beasts.
             The game lasted 00:23:47 (6652 turns).

shmeve the Blocker (Deep Dwarf Berserker)           Turns: 6652, Time: 00:23:48

Health: -3/94      AC: 17    Str: 30    XL:     10   Next: 86%
Magic:  10/10      EV:  2    Int: 11    God:    Trog [****..]
Gold:   138        SH:  0    Dex: 12    Spells: 0 memorised, 9 levels left

rFire  . . .     SeeInvis +     F - +0 broad axe
rCold  . . .     Gourm    .     U - +0 plate armour
rNeg   + + +     Faith    .     n - +0 shield
rPois  ∞         Spirit   .     e - +2 helmet
rElec  .         Dismiss  .     l - +0 cloak
rCorr  .         Reflect  .     (no gloves)
SustAt .         Harm     .     (no boots)
MR     +....                    (no amulet)
Stlth  ..........               q - +3 ring of intelligence
                                N - ring "Sysaijat" {EV+4 Str+4 SInv}

@: lethally poisoned (-3 -> -3), petrified, non-regenerating, somewhat resistant
to hostile enchantments, extremely unstealthy
A: damage resistance, recharge devices, mutation resistance 1, sense
surroundings 2, slow regeneration 3, strong 1
a: Device Recharging, Berserk, Trog's Hand, Brothers in Arms, Burn Spellbooks,
Renounce Religion


You were on level 2 of the Lair of Beasts.
You worshipped Trog.
Trog was greatly pleased with you.
You were not hungry.

You visited 2 branches of the dungeon, and saw 11 of its levels.

You collected 660 gold pieces.
You spent 522 gold pieces at shops.

Inventory:

Hand Weapons
 F - a +0 broad axe (weapon)
Armour
 e - a +2 helmet (worn)
 l - a +0 cloak (worn)
 n - a +0 shield (worn)
 U - a +0 plate armour (worn)
Jewellery
 q - a +3 ring of intelligence (right hand)
 s - an uncursed ring of protection from cold
 x - an uncursed amulet of the gourmand
 N - the ring "Sysaijat" (left hand) {EV+4 Str+4 SInv}
   (You bought it in a shop on level 7 of the Dungeon)

   [ring of evasion]

   It affects your evasion (+4).
   It affects your strength (+4).
   It lets you see invisible.
Wands
 c - a wand of heal wounds (5/9)
 M - a wand of digging (6/24)
 T - a wand of paralysis (7/24)
Scrolls
 f - 2 scrolls of random uselessness {unknown}
 g - 4 scrolls of amnesia {unknown}
 h - a scroll of immolation {unknown}
 i - 5 scrolls of teleportation {unknown}
 k - a scroll of enchant weapon {unknown}
 t - a scroll of recharging {unknown}
 u - 6 scrolls of fog
 v - 2 scrolls of identify
 y - 5 scrolls of remove curse
 D - 2 scrolls of magic mapping {unknown}
 G - a scroll of summoning {unknown}
 J - a scroll of noise {unknown}
 K - 2 scrolls of holy word {unknown}
Potions
 j - 2 potions of cancellation
 o - 4 potions of lignification
 p - a potion of invisibility {unknown}
 r - a potion of agility {unknown}
 w - 3 potions of haste
 z - a potion of degeneration {unknown}
 B - a potion of heal wounds {unknown}
 C - a potion of might
 E - a potion of ambrosia {unknown}
 I - 4 potions of curing
 O - 2 potions of magic {unknown}
 Q - 2 potions of brilliance
Comestibles
 b - 3 meat rations
 d - 8 bread rations
 m - 6 beef jerkies
 A - 2 slices of pizza
 R - 19 fruits


   Skills:
 * Level 7.5 Fighting
 * Level 9.1 Axes
 + Level 6.3 Armour
 + Level 6.3 Dodging
 * Level 9.6 Shields
 + Level 6.6 Evocations


You had 9 spell levels left.
You didn't know any spells.

Dungeon Overview and Level Annotations

Branches:
Dungeon (9/15)             Temple (0/1) D:4            Lair (1/8) D:9
    Orc: D:9-12

Altars:
Ashenzari
Cheibriados
Fedhas
Kikubaaqudgha
Makhleb
Pakellas
Sif Muna
The Shining One

Shops:
D:4 *   D:5 [*   D:7 *   D:8 *


Innate Abilities, Weirdness & Mutations

You are resistant to damage.
You can recharge devices by infusing magical energy.
You passively map the area around you.
You do not regenerate naturally.
You are somewhat resistant to further mutation.
Your muscles are strong. (Str +2)


Message History

The basilisk is severely wounded.
You hit the spiny frog.
The spiny frog is moderately wounded.
* * * LOW HITPOINT WARNING * * *
You feel very sick.
The spiny frog stings you but does no damage.
The basilisk bites you but does no damage.
The spiny frog stings you.
* * * LOW HITPOINT WARNING * * *
You are more poisoned.
The spiny frog poisons you!
The basilisk hisses menacingly.
The basilisk bites you but does no damage.
The spiny frog barely misses you.
You have turned to stone.
The basilisk bites you but does no damage.
The spiny frog stings you but does no damage.
The basilisk bites you!
* * * LOW HITPOINT WARNING * * *
The spiny frog stings you!!
You die...

, ,##..... ...##
,, ** , ......
*....# , * , ,
#P+.. ...#****,, *
####.#.##...# , ,
............###.,
..........)..... ,
,,
................ ,
.......F........,
, ,,
,........@.......
, , , , * ,
,........l.......
, ,
,,..##P........#.#
,* ,#**##........#
.* ** * ,
,..........# ,
....#........,, ,
, ,
,............##.
,, * ,
......#.....# , *
, , * , , , ,


You could see a spiny frog and a basilisk.

Vanquished Creatures
  Erolcha (D:9)
  The ghost of Arivia the Basher, a novice MiFi of Okawaru (D:8)
  Pikel (D:7)
  The ghost of SomeoneAwful the Changer, a novice OpTm of Cheibriados (D:6)
  Joseph (D:7)
  A komodo dragon (Lair:1)
  A rime drake (Lair:1)
  Grinder (D:3)
  The ghost of Indrix the Conjurer, an amateur DECj (D:4)
  6 yaks (D:9)
  2 hippogriffs (Lair:1)
  Menkaure (D:6)
  Duvessa (D:7)
  2 water moccasins
  2 sky beasts
  An ice beast (D:8)
  3 slaves (D:7)
  An orc warrior (D:9)
  5 ogres
  2 centaurs (D:5)
  2 big kobolds
  2 giant frogs (D:9)
  Dowan (D:7)
  A scorpion (D:4)
  A water moccasin skeleton (D:5)
  A howler monkey (D:6)
  2 crimson imps
  4 hounds
  3 orc wizards
  A giant frog skeleton (D:9)
  3 orc priests
  An iguana (D:7)
  6 worker ants
  4 sheep (Lair:1)
  7 gnolls
  11 adders
  2 shadow imps
  An adder zombie (D:7)
  4 adder skeletons
  A worm (D:6)
  4 dart slugs
  2 giant geckos
  16 orcs
  4 giant cockroaches
  5 goblins
  7 hobgoblins
  6 quokkas
  11 bats
  7 giant newts
  15 kobolds
  9 rats
  2 fungi (D:9)
181 creatures vanquished.

Vanquished Creatures (others)
  An ogre (D:7)
  A slave (D:7)
  A hound (D:4)
3 creatures vanquished.

Grand Total: 184 creatures vanquished

Notes
Turn   | Place    | Note
--------------------------------------------------------------
     0 | D:1      | shmeve the Deep Dwarf Berserker began the quest for the Orb.
     0 | D:1      | Reached XP level 1. HP: 20/20 MP: 1/1
   135 | D:1      | Reached XP level 2. HP: 22/27 MP: 2/2
   879 | D:2      | Reached XP level 3. HP: 17/34 MP: 3/3
   907 | D:2      | Reached ** piety under Trog
  1398 | D:2      | Reached XP level 4. HP: 28/42 MP: 4/4
  1400 | D:2      | Reached skill level 1 in Shields
  1561 | D:3      | Found a deep blue altar of Sif Muna.
  1561 | D:3      | Noticed Grinder
  1562 | D:3      | Found a blossoming altar of Fedhas.
  1580 | D:3      | Found a burning altar of Makhleb.
  1584 | D:3      | Found an ancient bone altar of Kikubaaqudgha.
  1585 | D:3      | Found a glowing golden altar of the Shining One.
  1596 | D:3      | Paralysed by Grinder for 2 turns
  1598 | D:3      | HP: 1/42 [Grinder (3)]
  1600 | D:3      | Killed Grinder
  1600 | D:3      | Reached skill level 5 in Shields
  1600 | D:3      | Reached XP level 5. HP: 1/49 MP: 5/5
  1600 | D:3      | Reached XP level 6. HP: 2/56 MP: 6/6
  2360 | D:4      | Reached skill level 1 in Evocations
  2414 | D:4      | Noticed Indrix's ghost (amateur DECj)
  2442 | D:4      | Killed Indrix's ghost
  2442 | D:4      | Reached XP level 7. HP: 40/63 MP: 5/7
  2482 | D:4      | Reached skill level 5 in Axes
  2630 | D:4      | Found a staircase to the Ecumenical Temple.
  2732 | D:4      | Found Duicekiwi's General Store.
  2736 | D:4      | Bought a potion of might for 40 gold pieces
  2835 | D:5      | Entered Level 5 of the Dungeon
  2912 | D:5      | Reached *** piety under Trog
  2926 | D:5      | Reached XP level 8. HP: 19/73 MP: 7/9
  3154 | D:5      | Found Beoxuruc's Assorted Antiques.
  3162 | D:5      | Bought a broad axe for 80 gold pieces
  3162 | D:5      | Bought a scroll labeled COLALOK FYMI for 20 gold pieces
  3162 | D:5      | Bought a scroll labeled SIXUKH PIRASCH for 20 gold pieces
  3195 | D:5      | Found a shattered altar of Ashenzari.
  3306 | D:5      | Found Feklil's Antique Armour Shoppe.
  3316 | D:5      | Bought a glowing helmet for 117 gold pieces
  3667 | D:6      | Noticed Menkaure
  3676 | D:6      | Killed Menkaure
  3795 | D:6      | Noticed SomeoneAwful's ghost (novice OpTm)
  3806 | D:6      | Killed SomeoneAwful's ghost
  3806 | D:6      | Reached skill level 5 in Fighting
  3952 | D:7      | Noticed Pikel
  3959 | D:7      | Killed Pikel
  3959 | D:7      | Gained mutation: You passively map the area around you. [Deep Dwarf growth]
  3959 | D:7      | Reached XP level 9. HP: 81/81 MP: 10/10
  4014 | D:7      | Noticed Duvessa
  4018 | D:7      | Noticed Dowan
  4034 | D:7      | Killed Dowan
  4048 | D:7      | Killed Duvessa
  4118 | D:7      | Reached skill level 5 in Armour
  4121 | D:7      | Found a glowing golden altar of the Shining One.
  4188 | D:7      | Reached skill level 5 in Dodging
  4207 | D:7      | Noticed Joseph
  4226 | D:7      | Killed Joseph
  4226 | D:7      | Reached skill level 5 in Evocations
  4420 | D:7      | Found Zanewor Emio's Assorted Antiques.
  4432 | D:7      | Bought a slimy silver ring for 140 gold pieces
  4464 | D:7      | Identified the ring "Sysaijat" {EV+4 Str+4 SInv} (You bought it in a shop on level 7 of the Dungeon)
  4862 | D:8      | Found a blossoming altar of Fedhas.
  4930 | D:8      | Noticed Arivia's ghost (novice MiFi)
  4958 | D:8      | Killed Arivia's ghost
  4958 | D:8      | Reached XP level 10. HP: 50/92 MP: 9/11
  5041 | D:8      | Gained mutation: Your muscles are strong. (Str +2) [potion of beneficial mutation]
  5042 | D:8      | Gained mutation: You are somewhat resistant to further mutation. [potion of beneficial mutation]
  5153 | D:8      | Found Juigecul's Assorted Antiques.
  5198 | D:8      | Bought a blackened cameo amulet for 105 gold pieces
  5371 | D:9      | Reached **** piety under Trog
  5477 | D:9      | Found a staircase to the Lair.
  5521 | D:9      | Noticed Erolcha
  5533 | D:9      | Killed Erolcha
  5533 | D:9      | Received a gift from Trog
  5795 | D:9      | Found a snail-covered altar of Cheibriados.
  5795 | D:9      | Found an oddly glowing altar of Pakellas.
  6103 | Lair:1   | Entered Level 1 of the Lair of Beasts
  6640 | Lair:1   | You fall through a shaft!
  6640 | Lair:2   | Noticed a spiny frog
  6652 | Lair:2   | HP: 4/94 [basilisk (2)]
  6652 | Lair:2   | Slain by a spiny frog

Skill      XL: |  1  2  3  4  5  6  7  8  9 10 |
---------------+-------------------------------+-----
Fighting       | 3 4 5 6 7 |  7.5
Axes           | 4 5 7 8 9 |  9.1
Shields        | 5 6 7 8 9 |  9.6
Armour         | 3 4 5 6 |  6.3
Evocations     | 1 2 4 5 6 |  6.6
Dodging        | 3 4 5 6 |  6.3

Action                   |  1- 3 |  4- 6 |  7- 9 | 10-12 || total
-------------------------+-------+-------+-------+-------++-------
Melee: Hand axe          |   135 |   174 |   127 |       ||   436
       Broad axe         |       |       |   243 |   177 ||   420
Invok: Berserk           |     1 |     3 |     4 |     1 ||     9
       Trog's Hand       |       |     2 |     5 |     1 ||     8
       Burn Spellbooks   |       |       |       |     1 ||     1
 Abil: Device Recharging |       |     1 |     2 |     1 ||     4
Evoke: Wand              |     1 |     4 |    10 |    10 ||    25
  Use: Scroll            |       |     1 |     1 |     6 ||     8
       Potion            |       |       |       |     2 ||     2
  Eat: Chunk             |     1 |    14 |    21 |     3 ||    39
Armor: Animal skin       |    11 |       |       |       ||    11
       Scale mail        |    74 |    55 |    62 |       ||   191
       Chain mail        |       |       |   107 |    13 ||   120
       Plate armour      |       |       |       |    38 ||    38
Dodge: Dodged            |   113 |    83 |   134 |    81 ||   411
Block: Shield            |       |    46 |   226 |   121 ||   393
